 Dungeon Crawl Stone Soup version 0.26-a0-658-gbdda728c12 (webtiles) character file.

Game seed: 13025970028023557370

42 flotson the Covert (level 3, 17/17 HPs)
             Began as a Felid Delver on Oct 4, 2020.
             Quit the game on level 2 of the Abyss.
             The game lasted 00:08:22 (2825 turns).

flotson the Covert (Felid Delver)                   Turns: 2825, Time: 00:08:23

Health: 17/17      AC:  1    Str:  8    XL:     3   Next: 35%
Magic:  4/4        EV: 18    Int: 11    God:
Gold:   185        SH:  0    Dex: 18    Spells: 2/2 levels left
                                        Lives:  0   Deaths: 1

rFire    . . .     SeeInvis +     - Unarmed
rCold    . . .     Faith    .   (shield unavailable)
rNeg     . . .     Spirit   .   (armour unavailable)
rPois    .         Reflect  .   (helmet unavailable)
rElec    .         Harm     .   (cloak unavailable)
rCorr    .         Rampage  .   (gloves unavailable)
MR       .....                  (boots unavailable)
Stlth    +++++.....             (no amulet)
HPRegen  0.05/turn              l - ring of stealth
MPRegen  0.09/turn              (no ring)

@: quick
A: very small, no armour, no weapons or thrown items, stealth, claws 1, fangs 3,
see invisible, speed 1, shaggy fur 1, sharp paws
a: no special abilities


You were on level 2 of the Abyss.
You visited 1 branch of the dungeon, and saw 5 of its levels.
You visited the Abyss 1 time.

You collected 185 gold pieces.

Inventory:

Jewellery
 l - a ring of stealth (left paw)
 n - a +6 ring of dexterity {unknown}
Wands
 e - a wand of digging (2)
 i - a wand of enslavement (3)
Scrolls
 a - 2 scrolls of fog
 b - a scroll of magic mapping
 f - 5 scrolls of identify {unknown}
 h - 3 scrolls of remove curse {unknown}
 k - a scroll of enchant weapon {unknown}
Potions
 d - 2 potions of haste
 g - a potion of berserk rage {unknown}
 j - a potion of flight
 m - a potion of mutation {unknown}


   Skills:
 + Level 3.1 Fighting
 + Level 2.8 Dodging
 + Level 8.1 Stealth
 + Level 3.1 Unarmed Combat


You had 2 spell levels left.
You didn't know any spells.
Your spell library was empty.

Dungeon Overview and Level Annotations

Branches:
Dungeon (5/15)
 Temple: D:4-7

Altars:

Annotations:
D:2 Crazy Yiuf


Innate Abilities, Weirdness & Mutations

You cannot wear armour.
You are incapable of wielding weapons or throwing items.
Your paws allow you to move quietly. (Stealth)
You have sharp claws.
You have razor-sharp teeth.
You have supernaturally acute eyesight. (SInv)
You cover ground quickly.
You are covered in fur. (AC +1)
Your sharp claws are effective at attacking unaware monsters.


Message History

You are starting to lose your buoyancy.
The white imp gestures at you. The puff of frost hits you!
* * * LOW HITPOINT WARNING * * *
Found 6 gold pieces.
You float gracefully downwards.
The white imp gestures at you. The puff of frost hits you.
* * * LOW HITPOINT WARNING * * *
A large abomination comes into view.
Found a lumpy black potion.
You see here 6 gold pieces.
A cyan very ugly thing comes into view.
The white imp gestures at you. The puff of frost hits you!
You die...
You are now level 3!
You rejoin the land of the living...
You are suddenly pulled into a different region of the Abyss!
Are you sure you want to abandon this character and quit the game? (Confirm with "yes".)

#.# .. #.# .. .
#. .. . #.##
#.##.
....##..#......
#...@.#
#....#..#
...≈≈.≈ ..#
#.≈+++# +.# #.
.# . .. .# ..


There were no monsters in sight!

Vanquished Creatures
  3 adders (D:2)
  3 worms (D:2)
  3 dart slugs (D:1)
  4 bats (D:1)
  3 giant cockroaches
  9 goblins
  4 hobgoblins
  4 jackals
  5 kobolds
  A ball python (D:2)
  5 rats
44 creatures vanquished.

Vanquished Creatures (collateral kills)
  A gnoll (D:2)
1 creature vanquished.

Vanquished Creatures (others)
  2 jackals (D:1)
  A lurking horror (Abyss:2)
  2 starspawn tentacles (Abyss:2)
5 creatures vanquished.

Grand Total: 50 creatures vanquished

Notes
Turn   | Place    | Note
-------+----------+-------------------------------------------
     0 | D:5      | flotson the Felid Delver began the quest for the Orb.
     0 | D:5      | Reached XP level 1. HP: 10/10 MP: 2/2
    22 | D:4      | Noticed a phantom
    48 | D:4      | Noticed a worker ant
   316 | D:1      | Reached skill level 7 in Stealth
   327 | D:1      | Reached XP level 2. HP: 14/14 MP: 3/3
   925 | D:1      | Reached XP level 3. HP: 15/17 MP: 4/4
  1710 | D:2      | Reached skill level 8 in Stealth
  1727 | D:2      | Reached XP level 4. HP: 21/21 MP: 5/5
  1763 | D:2      | Found a runed translucent door.
  1764 | D:2      | Noticed Crazy Yiuf
  2023 | D:2      | Found a faded altar of an unknown god.
  2473 | D:2      | Cast into level 2 of the Abyss (Crazy Yiuf)
  2516 | Abyss:2  | Noticed a chaos spawn
  2544 | Abyss:2  | Noticed a yellow draconian
  2630 | Abyss:2  | Noticed a tentacled starspawn
  2640 | Abyss:2  | Noticed a blink frog
  2640 | Abyss:2  | Noticed a blink frog
  2644 | Abyss:2  | Noticed a starcursed mass
  2644 | Abyss:2  | Noticed a blink frog
  2645 | Abyss:2  | Noticed a large abomination
  2648 | Abyss:2  | Noticed an orange demon
  2654 | Abyss:2  | Noticed a chaos spawn
  2663 | Abyss:2  | Noticed a tentacled starspawn
  2674 | Abyss:2  | Noticed a large abomination
  2693 | Abyss:2  | Noticed a worldbinder
  2704 | Abyss:2  | Noticed a red very ugly thing
  2719 | Abyss:2  | Noticed a tentacled starspawn
  2719 | Abyss:2  | Noticed a thrashing horror
  2723 | Abyss:2  | Noticed a starcursed mass
  2725 | Abyss:2  | Noticed a smoke demon
  2728 | Abyss:2  | Noticed a large abomination
  2733 | Abyss:2  | Noticed a starcursed mass
  2750 | Abyss:2  | HP: 1/21 [starcursed mass/accursed screaming (4)]
  2759 | Abyss:2  | Noticed a rust devil
  2760 | Abyss:2  | Noticed a large abomination
  2773 | Abyss:2  | Noticed a smoke demon
  2795 | Abyss:2  | Noticed a worldbinder
  2795 | Abyss:2  | Noticed an ancient zyme
  2815 | Abyss:2  | Noticed a large abomination
  2822 | Abyss:2  | Noticed a cyan very ugly thing
  2824 | Abyss:2  | Killed from afar by a white imp
  2825 | Abyss:2  | Reached XP level 3. HP: -5/17 MP: 4/4
  2825 | Abyss:2  | Quit the game

Illustrated notes

Levels and vault maps discovered:
D:1:      dpeg_arrival_fog, layout_loops_ring
D:2:      layout_rooms, chequers_ecumenical_altar_simple, cheibrodos_gnoll_hut,
          uniq_crazy_yiuf_cottage
D:3:      layout_basic, grunt_gozag_breadcrumbs, uniq_jessica
D:4:      layout_loops_ring, lemuel_coloured_pillars_altar,
          kennysheep_slug_shrine, columned_hall_lemuel, minmay_strange_pillars
D:5:      layout_rooms, minmay_temple_entry_proselytizer,
          nicolae_ossuary_entry_ruins
Abyss:2:  base: D:5, bh_abyss_exit_choice, hangedman_abyss_mock_shop,
          eino_small_chamber_without_monster, hangedman_abyss_overflow_altar

Skill      XL: |  1  2  3  4 |
---------------+-------------+-----
Stealth        | 7 8 |  8.1
Unarmed Combat | 3 |  3.1
Fighting       | |  3.1
Dodging        | |  2.8

Action                   |  1- 3 |  4- 6 || total
-------------------------+-------+-------++-------
Melee: Unarmed           |    71 |    24 ||    95
       Bite              |     2 |     2 ||     4
       Punch             |     1 |     1 ||     2
Evoke: Wand              |     4 |     1 ||     5
  Use: Scroll            |     1 |       ||     1
       Potion            |       |     2 ||     2
 Stab: Sleeping          |    21 |     3 ||    24
Armor: Skin              |     3 |     1 ||     4
Dodge: Dodged            |    33 |    20 ||    53

Table legend: (Time is in decaauts)
 A = Elapsed time spent in this place.
 B = Non-inter-level travel time spent in this place.
 C = Inter-level travel time spent in this place.
 D = Time resting spent in this place.
 E = Time spent auto-exploring this place.
 F = Levels seen in this place.
 G = Mean time per level.
                   A        B        C        D        E       F      G
               +--------+--------+--------+--------+--------+-----+--------+
         Total |   2499 |   2441 |     58 |    809 |    954 |   6 |  416.5 |
       Dungeon |   2199 |   2141 |     58 |    752 |    921 |   5 |  439.8 |
         Abyss |    300 |    300 |      0 |     57 |     33 |   1 |  300.0 |
               +--------+--------+--------+--------+--------+-----+--------+

Top non-repeatable levels by time:
     D:1: 1235 daAuts
     D:2: 768 daAuts
 Abyss:2: 300 daAuts
     D:3: 125 daAuts
     D:4: 51 daAuts
     D:5: 18 daAuts
